 Dungeon Crawl Stone Soup version 0.24-a0-251-g44e327ef01 (webtiles) character file.

Game seed: 309905204997784685

190 Redear the Ducker (level 5, 0/37 HPs)
             Began as an Octopode Fighter on Apr 17, 2019.
             Killed from afar by an orc wizard (13 damage)
             ... with a puff of flame
             ... on level 3 of the Dungeon.
             The game lasted 00:02:34 (2439 turns).

Redear the Ducker (Octopode Fighter)                Turns: 2439, Time: 00:02:35

Health: 0/37       AC:  1    Str: 16    XL:     5   Next: 69%
Magic:  5/5        EV: 12    Int: 10    God:
Gold:   140        SH:  9    Dex: 12    Spells: 4/4 levels left

rFire    . . .     SeeInvis .   a - +0 long sword
rCold    . . .     Gourm    +   b - +0 shield
rNeg     . . .     Faith    .   (helmet restricted)
rPois    .         Spirit   .   h - amulet of the gourmand {Gourm}
rElec    .         Reflect  .   (no ring)
rCorr    .         Harm     .   (no ring)
MR       .....                  (no ring)
Stlth    +++.......             (no ring)
HPRegen  0.12/turn              (no ring)
MPRegen  0.09/turn              (no ring)
                                (no ring)
                                (no ring)

@: no status effects
A: almost no armour, stealthy swim, amphibious, 8 rings, constrict 8, camouflage
1, gelatinous body 1
a: no special abilities


You were on level 3 of the Dungeon.
You were not hungry.

You visited 1 branch of the dungeon, and saw 3 of its levels.

You collected 140 gold pieces.

Inventory:

Hand Weapons
 a - a +0 long sword (weapon)
Armour
 b - a +0 shield (worn)
Jewellery
 h - an amulet of the gourmand (around mantle) {Gourm}
Scrolls
 d - a scroll of remove curse {unknown}
 e - 3 scrolls of amnesia {unknown}
 f - 2 scrolls of identify {unknown}
 g - a scroll of blinking {unknown}
 k - 2 scrolls of fog {unknown}
 l - 3 scrolls of teleportation {unknown}
Potions
 c - a potion of might {Str+5 DMG+1d10 | @q3}
 i - 2 potions of degeneration {unknown}
 j - 2 potions of invisibility {unknown}
 m - a potion of mutation {unknown}
 n - a potion of cancellation {unknown}
Comestibles
 z - 6 rations


   Skills:
 + Level 3.9 Fighting
 + Level 3.2 Long Blades
 + Level 4.0 Dodging
 - Level 1.4 Stealth
 + Level 3.9 Shields


You had 4 spell levels left.
You didn't know any spells.
Your spell library was empty.

Dungeon Overview and Level Annotations

Branches:
Dungeon (3/15)

Altars:
Ru


Innate Abilities, Weirdness & Mutations

You cannot wear most types of armour.
You are very stealthy in the water. (Stealth+)
You are amphibious.
You can wear up to eight rings at the same time.
You can use your tentacles to constrict eight enemies at once.
Your skin changes colour to match your surroundings (Stealth+).
Your rubbery body absorbs attacks. (AC +1, EV +1)


Message History

The orc wizard looks satisfied for a moment.
The kobold throws a stone.
You block the stone.
Unknown command.
The kobold hits you but does no damage.
Things that are here:
a +0 leather armour; a +4 whip of electrocution You hit the kobold but do no damage.
Your grab misses the kobold. You squeeze the kobold.
You kill the kobold!
You closely miss the orc wizard. Your grab misses the orc wizard.
The orc wizard gestures at you while chanting.
The magic dart hits you!
You take 7 damage, and have 13/37 hp.
Unknown command.
You miss the orc wizard. You grab the orc wizard. You constrict the orc wizard.
The orc wizard closely misses you.
You riposte.
You hit the orc wizard.
The orc wizard is moderately wounded.
The orc wizard points at you and mumbles some strange words.
The puff of flame hits you!
You die...

########################
.....†........)(@ow.>...
########################
############
...........#


You could see an orc wizard and a dart slug.

Vanquished Creatures
  An orc wizard (D:3)
  A centaur skeleton (D:3)
  An iguana (D:2)
  An adder (D:2)
  An ooze (D:2)
  A worm (D:2)
  4 dart slugs
  A leopard gecko (D:1)
  12 orcs (D:3)
  7 bats
  2 giant cockroaches
  9 goblins
  10 hobgoblins
  A quokka (D:3)
  2 frilled lizards
  9 kobolds
  6 rats
69 creatures vanquished.

Notes
Turn   | Place    | Note
-------+----------+-------------------------------------------
     0 | D:1      | Redear the Octopode Fighter began the quest for the Orb.
     0 | D:1      | Reached XP level 1. HP: 16/16 MP: 1/1
    39 | D:1      | Reached XP level 2. HP: 18/21 MP: 2/2
    77 | D:1      | Reached skill level 1 in Stealth
   407 | D:1      | Reached XP level 3. HP: 10/26 MP: 3/3
  1234 | D:2      | Reached XP level 4. HP: 15/31 MP: 4/4
  1806 | D:3      | Found a sacrificial altar of Ru.
  1849 | D:3      | Reached skill level 3 in Long Blades
  1849 | D:3      | Reached XP level 5. HP: 11/37 MP: 5/5
  2434 | D:3      | Reached skill level 4 in Dodging
  2439 | D:3      | Killed from afar by an orc wizard

Levels and vault maps discovered:
D:1:      dpeg_arrival_erosion, layout_loops_ring, st_stairs_9, hex_tiny,
          minmay_misc_feat_diagonals, chequers_serial_rivers_large_a
D:2:      layout_loops_ring
D:3:      layout_basic, old_standard_altar, nicolae_ru_path_of_blood

Skill      XL: |  1  2  3  4  5 |
---------------+----------------+-----
Stealth        | 1 |  1.4
Long Blades    | 3 |  3.2
Dodging        | 4 |  4.0
Fighting       | |  3.9
Shields        | |  3.9

Action                   |  1- 3 |  4- 6 || total
-------------------------+-------+-------++-------
Melee: Long sword        |    53 |    64 ||   117
       Constrict         |    18 |    14 ||    32
       Tentacles         |    12 |    14 ||    26
 Stab: Sleeping          |     4 |     3 ||     7
  Eat: Chunk             |       |     7 ||     7
Armor: Skin              |     7 |     4 ||    11
Dodge: Dodged            |    27 |    33 ||    60
Block: Shield            |    31 |    28 ||    59
       Rpst.: Long sword |    14 |    11 ||    25

Table legend:
 A = Non-vault XP
 B = Vault XP
 C = Vault XP percentage of total XP
 D = Non-vault monster count
 E = Vault monster count
 F = Vault count percentage of total count
                 A         B        C        D         E       F
            +---------+---------+-------+---------+---------+-------
      Total |     268 |       4 |   1.5 |      67 |       2 |   2.9
            +---------+---------+-------+---------+---------+-------
        D:1 |      49 |       4 |   7.5 |      25 |       2 |   7.4
        D:2 |      86 |       0 |   0.0 |      17 |       0 |   0.0
        D:3 |     133 |       0 |   0.0 |      25 |       0 |   0.0
            +---------+---------+-------+---------+---------+-------
